 Dungeon Crawl Stone Soup version 0.22.0-18-ge075c0d (webtiles) character file.

33 Amnesiac the Gusty (level 3, -1/24 HPs)
             Began as a Mummy Air Elementalist on Aug 18, 2018.
             Was an Initiate of Vehumet.
             Slain by a quokka (5 damage)
             ... on level 2 of the Dungeon.
             The game lasted 00:02:37 (866 turns).

Amnesiac the Gusty (Mummy Air Elementalist)          Turns: 866, Time: 00:02:38

Health: -1/24      AC:  2    Str: 11    XL:     3   Next: 12%
Magic:  0/7        EV: 12    Int: 15    God:    Vehumet [......]
Gold:   0          SH:  0    Dex: 12    Spells: 7/8 levels left

rFire    x . .     SeeInvis .   j - +0 club
rCold    + . .     Gourm    .   (no shield)
rNeg     + + +     Faith    .   a - +0 robe
rPois    ∞         Spirit   .   (no helmet)
rElec    .         Reflect  .   (no cloak)
rCorr    .         Harm     .   (no gloves)
MR       .....                  (no boots)
Stlth    ++........             (no amulet)
HPRegen  0.08/turn              (no ring)
MPRegen  0.10/turn              (no ring)

@: no status effects
A: no food or potions, fire vulnerability, cold resistance 1, negative energy
resistance 3, torment resistance, unbreathing
a: Renounce Religion


You were on level 2 of the Dungeon.
You worshipped Vehumet.
Vehumet was noncommittal.
You were not hungry.

You visited 1 branch of the dungeon, and saw 3 of its levels.

Inventory:

Hand Weapons
 j - a +0 club (weapon)
Missiles
 b - 51 stones (quivered)
Armour
 a - a +0 robe (worn)
Scrolls
 c - a scroll of enchant weapon {!r, unknown}
 d - a scroll of enchant armour {!r, unknown}
 e - a scroll of magic mapping {!r, unknown}
 f - a scroll of random uselessness {!r, unknown}
 g - a scroll of fog {!r}
 h - a scroll of amnesia {!r}
 i - a scroll of fear {!r, unknown}


   Skills:
 - Level 1.5 Dodging
 - Level 1.5 Stealth
 + Level 3.2 Spellcasting
 - Level 0.7 Conjurations
 * Level 3.3 Air Magic


You had 7 spell levels left.
You knew the following spells:

 Your Spells              Type           Power        Failure   Level  Hunger
a - Shock                 Conj/Air       #...         9%          1    N/A

Your spell library contained the following spells:

 Spells                   Type           Power        Failure   Level  Hunger
 Swiftness                Chrm/Air       #.......     16%         2    N/A
 Static Discharge         Conj/Air       #.......     26%         3    N/A
 Airstrike                Air            ##........   45%         4    N/A
 Lightning Bolt           Conj/Air       #.........   94%         5    N/A

Dungeon Overview and Level Annotations

Branches:
Dungeon (3/15)

Altars:
Elyvilon
Okawaru
Vehumet

Annotations:
D:2 1 runed door


Innate Abilities, Weirdness & Mutations

You do not eat or drink.
Your flesh is vulnerable to fire.
You are immune to poison.
Your flesh is cold resistant. (rC+)
You are immune to negative energy. (rN+++)
You are immune to unholy pain and torment.
You can survive without breathing.


Message History

Casting: Shock (safe; 9% risk of failure)
Confirm with . or Enter, or press ? or * to list all spells.
You don't have enough magic to cast that spell.
Casting: Shock (safe; 9% risk of failure)
Confirm with . or Enter, or press ? or * to list all spells.
You don't have enough magic to cast that spell.
The quokka bites you but does no damage.
Casting: Shock (safe; 9% risk of failure)
Confirm with . or Enter, or press ? or * to list all spells.
Aiming: Shock (safe; 9% risk of failure)
Press: ? - help, Shift-Dir - straight line, f/p - quokka
Aim: a quokka (moderately wounded)
The zap hits the quokka.
The quokka appears unharmed.
The quokka is moderately wounded.
The zap misses the quokka.
The quokka bites you.
* * * LOW HITPOINT WARNING * * *
The quokka closely misses you.
Casting: Shock (safe; 9% risk of failure)
Confirm with . or Enter, or press ? or * to list all spells.
You don't have enough magic to cast that spell.
Unknown command.
You closely miss the quokka.
The quokka is moderately wounded.
The quokka misses you.
You hit the quokka.
The quokka is heavily wounded.
The quokka barely misses you.
You miss the quokka.
The quokka is heavily wounded.
The quokka bites you.
* * * LOW HITPOINT WARNING * * *
Wield which item (- for none, * to show all)? (? for menu, Esc to quit)
Okay, then.
Found a club.
The quokka closely misses you.
Your magical contamination has completely faded away.
The quokka twitches its whiskers.
The quokka misses you.
You see here a club.
Casting: Shock (safe; 9% risk of failure)
Confirm with . or Enter, or press ? or * to list all spells.
Aiming: Shock (safe; 9% risk of failure)
Press: ? - help, Shift-Dir - straight line, p - quokka The zap misses the quokka.
The zap hits the quokka.
The quokka appears unharmed.
The quokka is moderately wounded.
The quokka bites you.
* * * LOW HITPOINT WARNING * * *
j - a club The quokka barely misses you.
Wield which item (- for none, * to show all)? (? for menu, Esc to quit)
j - a +0 club (weapon)
The quokka bites you.
* * * LOW HITPOINT WARNING * * *
You hit the quokka.
The quokka is severely wounded.
The quokka bites you.
* * * LOW HITPOINT WARNING * * *
Casting: Shock (safe; 9% risk of failure)
Confirm with . or Enter, or press ? or * to list all spells.
Aiming: Shock (safe; 9% risk of failure)
Press: ? - help, Shift-Dir - straight line The zap misses the quokka. x2; The quokka bites you.
You die...

..####>#.####
.... ##.## ...
#.# #.. #.# #..
#.# #.# #.# #.#
#.# #.# #.#
#.#@##########.#
#...r..........#
###.############
...# #####


You could see a quokka.

Vanquished Creatures
  2 adders
  A dart slug (D:3)
  An orc (D:3)
  A bat (D:1)
  A giant cockroach (D:2)
  3 goblins
  A hobgoblin (D:1)
  2 frilled lizards
  2 rats
14 creatures vanquished.

Notes
Turn   | Place    | Note
-------+----------+-------------------------------------------
     0 | D:1      | Amnesiac the Mummy Air Elementalist began the quest for the Orb.
     0 | D:1      | Reached XP level 1. HP: 13/13 MP: 4/4
   182 | D:2      | Found an iron altar of Okawaru.
   334 | D:2      | Found a runed door.
   491 | D:3      | Reached XP level 2. HP: 19/19 MP: 3/5
   735 | D:3      | Found a white marble altar of Elyvilon.
   735 | D:3      | Found a radiant altar of Vehumet.
   750 | D:3      | Became a worshipper of Vehumet
   821 | D:2      | Reached XP level 3. HP: 19/24 MP: 0/7
   866 | D:2      | Slain by a quokka

Skill      XL: |  1  2 |
---------------+-------+-----
Spellcasting   | 3 |  3.2
Air Magic      | 3 |  3.3
Dodging        | |  1.5
Stealth        | |  1.5
Conjurations   | |  0.7

Action                   || total
-------------------------++-------
Melee: Hand axe          ||     7
       Unarmed           ||     4
       Club              ||     1
 Cast: Shock             ||    32
  Use: Scroll            ||     3
Armor: Robe              ||     7
Dodge: Dodged            ||    20
